 Dungeon Crawl Stone Soup version 0.29.0-7-g18a832c13a (webtiles) character file.

Game seed: 7824182622573711522

98 CalmDownMonkey the Sneak (level 4, 0/21 HPs)
             Began as a Spriggan Enchanter on Aug 30, 2022.
             Killed from afar by a kobold (6 damage)
             ... with a puff of flame
             ... on level 4 of the Dungeon.
             The game lasted 00:15:06 (2708 turns).

CalmDownMonkey the Sneak (Spriggan Enchanter)       Turns: 2708, Time: 00:15:07

Health: 0/21       AC:  2    Str:  4    XL:     4   Next: 43%
Magic:  1/9        EV: 17    Int: 16    God:
Gold:   141        SH:  0    Dex: 17    Spells: 3/8 levels left

rFire   . . .      SeeInvis +   a - +0 dagger (drain)
rCold   . . .      Faith    .   (no shield)
rNeg    . . .      Spirit   .   b - +0 robe
rPois   .          Reflect  .   (helmet restricted)
rElec   .          Harm     .   (no cloak)
rCorr   .          Rampage  .   (gloves unavailable)
Will    .....                   (boots unavailable)
Stlth   +++.......              (no amulet)
HPRegen 0.07/turn               (no ring)
MPRegen 0.11/turn               (no ring)

@: very quick
A: very small, no large weapons, unfitting armour, see invisible, speed 3
a: no special abilities


You were on level 4 of the Dungeon.
You visited 1 branch of the dungeon, and saw 4 of its levels.

You collected 141 gold pieces.

Inventory:

Hand Weapons
 a - a +0 dagger of draining (weapon)
   (You found it on level 2 of the Dungeon)
Missiles
 g - 20 stones
 k - 6 javelins
 n - 5 poisoned darts
Armour
 b - a +0 robe (worn)
Magical Staves
 f - a staff of earth
   (You found it on level 1 of the Dungeon)
Wands
 l - a wand of polymorph (3)
Scrolls
 d - a scroll of identify {unknown}
 h - 2 scrolls of enchant armour {unknown}
 i - 2 scrolls of fog {unknown}
Potions
 c - 3 potions of invisibility
 e - 2 potions of attraction {unknown}
 j - a potion of magic {unknown}
 m - a potion of cancellation {unknown}


   Skills:
 - Level 1.1 Short Blades
 - Level 2.6 Dodging
 + Level 6.5 Stealth
 + Level 2.6 Spellcasting
 + Level 4.5 Hexes
 + Level 1.5 Ice Magic


You had 3 spell levels left.
You knew the following spells:

 Your Spells              Type           Power      Damage    Failure   Level
a - Ensorcelled Hibernat  Hex/Ice        22%        N/A       9%          2
b - Confusing Touch       Hex            16%        N/A       9%          3

Your spell library contained the following spells:

 Spells                   Type           Power      Damage    Failure   Level
 Tukima's Dance           Hex            16%        N/A       9%          3
 Dazzling Flash           Conj/Hex       18%        N/A       22%         3
 Gell's Gravitas          Tloc           2%         N/A       50%         3
 Lesser Beckoning         Tloc           2%         N/A       50%         3
 Teleport Other           Tloc           2%         N/A       50%         3


Dungeon Overview and Level Annotations

Branches:
Dungeon (4/15)
 Temple: D:4-7

Altars:
Hepliaklqana
Vehumet

Annotations:
D:2 1 runed translucent door, Crazy Yiuf, Jessica, Sigmund


Innate Abilities, Weirdness & Mutations

You are very small and have problems with some larger weapons.
You are too small for most types of armour.
You have supernaturally acute eyesight. (SInv)
You cover ground extremely quickly. (Speed+++)


Message History

The helpless goblin fails to defend itself.
You impale the goblin!!
You kill the goblin!
c - 3 potions of invisibility (gained 1)
Things that are here:
a +0 club; a +0 sling A goblin comes into view.
It is wielding a +0 club.
Found 5 gold pieces.
Found a stone staircase leading down.
The goblin shouts!
A kobold comes into view. It is wielding a +0 whip.
You hit the goblin. You drain the goblin.
You kill the goblin!
The kobold closely misses you.
You hit the kobold.
The kobold is moderately wounded.
The kobold closely misses you.
You hit the kobold.
You kill the kobold!
No target in view!
You now have 141 gold pieces (gained 5).
A worm comes into view.
The helpless worm fails to defend itself.
You impale the worm!!
You kill the worm!
No target in view!
Things that are here:
a +0 club; a +0 sling You see here a rat corpse.
An orc wizard comes into view. It is wielding a +0 dagger.
Found a spear.
Found an escape hatch in the floor.
The orc wizard shouts!
You hear a shout!
An orc comes into view. It is wielding a +0 whip.
You hear a shout!
Casting: Ensorcelled Hibernation (safe; 9% risk of failure)
Confirm with . or Enter, or press ? or * to list all spells.
Aiming: Ensorcelled Hibernation (safe; 9% risk of failure)
Press: ? - help, Shift-Dir - straight line, f - orc wizard
Aim: an orc wizard, wielding a +0 dagger and wearing a +0 robe (chance to affect: 45%)
The orc wizard resists with some effort.
Casting: Ensorcelled Hibernation (safe; 9% risk of failure)
Confirm with . or Enter, or press ? or * to list all spells.
Aiming: Ensorcelled Hibernation (safe; 9% risk of failure)
Press: ? - help, Shift-Dir - straight line, f/p - orc wizard
Aim: an orc wizard, wielding a +0 dagger and wearing a +0 robe (chance to affect: 45%)
The orc wizard resists with some effort.
Casting: Ensorcelled Hibernation (safe; 9% risk of failure)
Confirm with . or Enter, or press ? or * to list all spells.
Aiming: Ensorcelled Hibernation (safe; 9% risk of failure)
Press: ? - help, Shift-Dir - straight line, f/p - orc wizard
Aim: an orc wizard, wielding a +0 dagger and wearing a +0 robe (chance to affect: 45%)
You miscast Ensorcelled Hibernation.
You are very lightly contaminated with residual magic.
Nothing appears to happen.
The orc wizard completely misses you.
Casting: Ensorcelled Hibernation (safe; 9% risk of failure)
Confirm with . or Enter, or press ? or * to list all spells.
Aiming: Ensorcelled Hibernation (safe; 9% risk of failure)
Press: ? - help, Shift-Dir - straight line, f/p - orc wizard
Aim: an orc wizard, wielding a +0 dagger and wearing a +0 robe (chance to affect: 45%)
The orc wizard resists with some effort.
The orc wizard casts a spell.
The orc wizard flickers and vanishes for a moment.
Casting: Ensorcelled Hibernation (safe; 9% risk of failure)
Confirm with . or Enter, or press ? or * to list all spells.
You don't have enough magic to cast this spell.
Unknown command.
An orc comes into view. It is wielding a +0 club.
You barely miss the orc wizard. The orc wizard misses you.
The orc hits you with a +0 whip.
You hit the orc wizard but do no damage.
You drain the orc wizard.
The orc wizard is lightly wounded.
The orc wizard hits you with a +0 dagger.
The orc completely misses you.
You see here a rat corpse.
Your magical contamination has completely faded away.
Casting: Ensorcelled Hibernation (safe; 9% risk of failure)
Confirm with . or Enter, or press ? or * to list all spells.
Aiming: Ensorcelled Hibernation (safe; 9% risk of failure)
Press: ? - help, Shift-Dir - straight line, f/p - orc wizard
Aim: an orc wizard, wielding a +0 dagger and wearing a +0 robe (lightly wounded, slightly transparent, heavily drained, chance to affect: 50%)
The orc wizard resists with some effort.
Things that are here:
a +0 club; a goblin corpse
There is a stone staircase leading down here.
You climb downwards.
Found 17 gold pieces, a great sword and 3 scrolls labelled AZOELA KUYR.
Found a radiant altar of Vehumet.
Found a stone staircase leading down.
There is a stone staircase leading up here.
An orc wizard and 2 orcs come into view.
An orc is wielding a +2 hand axe of flaming.
Found a ring mail.
Found 6 gold pieces and a dark potion.
The orc shouts!
The kobold shouts!
The kobold zaps a wand.
The puff of flame hits you.
The orc shouts!
The orc wizard shouts!
The kobold zaps a wand.
The puff of flame hits you!
* * * LOW HITPOINT WARNING * * *
There is a stone staircase leading up here.
The kobold zaps a wand.
The puff of flame hits you.
You die...

#.#....#..#
.........#
#..[#?...#
##........
#$)#._.#.#
#.......$#
..#####...K#...#
#.....>.......#
#.....@#......#
#.....###.....#
....... #..o..#
.#..... #...o..#
#..... #....o..
#$.... .......
#..... ....
######


You could see a kobold.

Vanquished Creatures
  Terence (D:2)
  2 adders (D:2)
  2 worms
  A dart slug (D:1)
  3 orcs (D:3)
  7 endoplasms
  A giant cockroach (D:2)
  5 goblins
  4 hobgoblins
  4 ball pythons
  5 bats
  3 kobolds (D:3)
  9 rats
47 creatures vanquished.

Notes
Turn   | Place    | Note
-------+----------+-------------------------------------------
     0 | D:1      | CalmDownMonkey the Spriggan Enchanter began the quest for
                  | the Orb.
     0 | D:1      | Reached XP level 1. HP: 9/9 MP: 5/5
   248 | D:1      | Reached skill level 5 in Stealth
   368 | D:1      | Reached XP level 2. HP: 13/13 MP: 6/6
   371 | D:1      | Learned a level 2 spell: Ensorcelled Hibernation
   477 | D:1      | Found a faded altar of an unknown god.
   691 | D:2      | Identified the +2 ring mail "Finyiram" {rF+ Int+4}
   744 | D:2      | Found a runed translucent door.
   745 | D:2      | Noticed Crazy Yiuf
   798 | D:2      | Reached XP level 3. HP: 16/16 MP: 8/8
   802 | D:2      | Learned a level 3 spell: Confusing Touch
   854 | D:2      | Noticed Sigmund
   970 | D:2      | Noticed Jessica
  1084 | D:2      | Reached skill level 4 in Hexes
  1125 | D:2      | Noticed Terence
  1134 | D:2      | Killed Terence
  1135 | D:2      | Reached skill level 6 in Stealth
  1135 | D:2      | Reached skill level 1 in Ice Magic
  1459 | D:2      | Reached XP level 4. HP: 10/21 MP: 4/9
  1934 | D:3      | Found a hazy altar of Hepliaklqana.
  2701 | D:4      | Found a radiant altar of Vehumet.
  2708 | D:4      | Killed from afar by a kobold

Illustrated notes

Levels and vault maps discovered:
D:1:      dpeg_arrival_shrine, layout_basic, ebering_ecumenical_altar_petrified
D:2:      layout_loops_ring, uniq_terence, uniq_sigmund,
          uniq_crazy_yiuf_cottage, uniq_jessica
D:3:      layout_loops_cross, nzn_hepliaklqana_mist_gate,
          minmay_stone_trees_small
D:4:      layout_rooms, vehumet_altar_wand_db, uniq_blork_the_orc

Skill      XL: |  1  2  3 |
---------------+----------+-----
Stealth        | 5 6 |  6.5
Hexes          | 4 |  4.5
Ice Magic      | 1 |  1.5
Short Blades   | |  1.1
Dodging        | |  2.6
Spellcasting   | |  2.6

Action                   |  1- 3 |  4- 6 || total
-------------------------+-------+-------++-------
Melee: Dagger            |    40 |    39 ||    79
 Cast: Ensorcelled Hiber |     3 |     8 ||    11
 Stab: Sleeping          |    20 |     9 ||    29
Armor: Robe              |       |     4 ||     4
Dodge: Dodged            |    18 |    26 ||    44

Table legend: (Time is in decaauts)
 A = Elapsed time spent in this place.
 B = Non-inter-level travel time spent in this place.
 C = Inter-level travel time spent in this place.
 D = Time resting spent in this place.
 E = Time spent auto-exploring this place.
 F = Levels seen in this place.
 G = Mean time per level.
                   A        B        C        D        E       F      G
               +--------+--------+--------+--------+--------+-----+--------+
         Total |   1965 |   1910 |     55 |    454 |    990 |   4 |  491.2 |
       Dungeon |   1965 |   1910 |     55 |    454 |    990 |   4 |  491.2 |
               +--------+--------+--------+--------+--------+-----+--------+

Top non-repeatable levels by time:
     D:2: 809 daAuts
     D:3: 617 daAuts
     D:1: 534 daAuts
     D:4: 4 daAuts

Table legend:
 A = Kills in this place as a percentage of kills in entire the game.
 B = Kills by you in this place as a percentage of kills by you in the entire game.
 C = Kills by friends in this place as a percentage of kills by friends in the entire game.
 D = Other kills in this place as a percentage of other kills in the entire game.
 E = Experience gained in this place as a percentage of experience gained in the entire game.
 F = Experience gained in this place divided by the number of levels of this place that you have seen.
                   A       B       C       D       E      F
               +-------+-------+-------+-------+-------+----------------------
         Total | 100.0 | 100.0 |   N/A |   N/A | 100.0 |  35.0
       Dungeon | 100.0 | 100.0 |   N/A |   N/A | 100.0 |  35.0
               +-------+-------+-------+-------+-------+----------------------
